BSA
KALAMAZOO ROYALE WITH CHEESE @ BAFFIN ISLAND BEAVERS
06/22/2029
 
TOP OF THE 1ST
Kalamazoo Royale with Cheese batting - Pitching for Baffin Island Beavers : RHP Robert Reeves
Pitching: RHP Robert Reeves
Batting: LHB Keith Tillman 0-0: Fly out, F8 (Flyball, 78D)
Batting: RHB Zander Tremblett 0-0: SINGLE (Groundball, 4MD)
Batting: SHB Caden Keith 0-0: Called Strike
0-1: Ball
1-1: Called Strike
1-2: Ball
2-2: Ball
3-2: Fly out, F4 (Line Drive, 4M)
Batting: LHB Roberto Sandoval 0-0: Called Strike
0-1: Ball
1-1: Ground out 5-3 (Groundball, 56S)
Top of the 1st over - 0 runs, 1 hit, 0 errors, 1 left on base; Kalamazoo 0 - Baffin Island 0
BOTTOM OF THE 1ST
Baffin Island Beavers batting - Pitching for Kalamazoo Royale with Cheese : LHP Octávio Ramírez
Pitching: LHP Octávio Ramírez
Batting: RHB Alden Isenhood 0-0: Foul Ball, location: 2F
0-1: Ground out 2-3 (Groundball, 2L)
Batting: LHB Norberto Muñóz 0-0: Called Strike
0-1: Ball
1-1: Ball
2-1: Foul Ball, location: 2F
2-2: Strikes out swinging
Batting: RHB Dave Craig 0-0: Ball
1-0: Ball
2-0: Called Strike
2-1: Foul Ball, location: 2F
2-2: Ball
3-2: DOUBLE (Flyball, 8RXD)
Batting: RHB Tony Morton 0-0: Called Strike
0-1: Fly out, F8 (Line Drive, 8LM)
Bottom of the 1st over - 0 runs, 1 hit, 0 errors, 1 left on base; Kalamazoo 0 - Baffin Island 0
TOP OF THE 2ND
Kalamazoo Royale with Cheese batting - Pitching for Baffin Island Beavers : RHP Robert Reeves
Batting: RHB Jimmy Simon 0-0: Called Strike
0-1: Foul Ball, location: 2F
0-2: Ball
1-2: Ground out 5-3 (Groundball, 56)
Batting: LHB Vincente Sáenz 0-0: SINGLE (Line Drive, 89S)
Batting: LHB Jacob Wright 0-0: Swinging Strike
0-1: Called Strike
0-2: Strikes out swinging
Batting: LHB Javier Espinoza 0-0: Foul Ball, location: 2F
0-1: Ball
1-1: Foul Ball, location: 2F
1-2: Ball
2-2: Foul Ball, location: 2F
2-2: SINGLE (Line Drive, 8LS)
Vincente Sáenz to second
Runner from 2nd tries for 3rd, SAFE, no throw
Batting: LHB Bill McJannett 0-0: Ball
1-0: Ball
2-0: Called Strike
2-1: Swinging Strike
2-2: Foul Ball, location: 2F
2-2: Foul Ball, location: 2F
2-2: Strikes out swinging
Top of the 2nd over - 0 runs, 2 hits, 0 errors, 2 left on base; Kalamazoo 0 - Baffin Island 0
BOTTOM OF THE 2ND
Baffin Island Beavers batting - Pitching for Kalamazoo Royale with Cheese : LHP Octávio Ramírez
Batting: LHB Eric Wheeler 0-0: Called Strike
0-1: Ball
1-1: Ball
2-1: Ball
3-1: Swinging Strike
3-2: Strikes out swinging
Batting: LHB Howard Evans 0-0: Ball
1-0: Ball
2-0: Swinging Strike
2-1: Called Strike
2-2: Strikes out swinging
Batting: RHB Alberto Hernández 0-0: Ball
1-0: Foul Ball, location: 2F
1-1: Ball
2-1: Swinging Strike
2-2: Foul Ball, location: 2F
2-2: Ground out 5-3 (Groundball, 56S)
Bottom of the 2nd over - 0 runs, 0 hits, 0 errors, 0 left on base; Kalamazoo 0 - Baffin Island 0
TOP OF THE 3RD
Kalamazoo Royale with Cheese batting - Pitching for Baffin Island Beavers : RHP Robert Reeves
Batting: LHB Keith Tillman 0-0: Ball
1-0: Ball
2-0: Ball
3-0: Base on Balls
Batting: RHB Zander Tremblett 0-0: Ball
1-0: Swinging Strike
1-1: Foul Ball, location: 2F
1-2: Ball
2-2: Grounds into double play, 6-4-3 (Groundball, 6)
Batting: SHB Caden Keith 0-0: Fly out, F7 (Flyball, 78XD)
Top of the 3rd over - 0 runs, 0 hits, 0 errors, 0 left on base; Kalamazoo 0 - Baffin Island 0
BOTTOM OF THE 3RD
Baffin Island Beavers batting - Pitching for Kalamazoo Royale with Cheese : LHP Octávio Ramírez
Batting: LHB Mike MacFadden 0-0: Ball
1-0: Foul Ball, location: 2F
1-1: SINGLE (Line Drive, 4D)
Batting: RHB Tomás Díaz 0-0: Grounds into double play, 4-6-3 (Groundball, 4)
Batting: RHB Alden Isenhood 0-0: Called Strike
0-1: Ball
1-1: Ball
2-1: SINGLE (Groundball, 34D)
Batting: LHB Norberto Muñóz 0-0: Ball
1-0: Ball
2-0: DOUBLE (Line Drive, 89D)
Alden Isenhood to third
Runner from 3rd tries for Home, SAFE, no throw
Batting: RHB Dave Craig 0-0: Called Strike
0-1: Ball
1-1: Ball
2-1: Foul Ball, location: 2F
2-2: Fly out, F8 (Flyball, 78XD)
Bottom of the 3rd over - 1 run, 3 hits, 0 errors, 1 left on base; Kalamazoo 0 - Baffin Island 1
TOP OF THE 4TH
Kalamazoo Royale with Cheese batting - Pitching for Baffin Island Beavers : RHP Robert Reeves
Batting: LHB Roberto Sandoval 0-0: Ball
1-0: Fly out, F9 (Line Drive, 9)
Batting: RHB Jimmy Simon 0-0: Ball
1-0: SINGLE (Groundball, 4MD)
Batting: LHB Vincente Sáenz 0-0: Swinging Strike
0-1: Ball
1-1: Called Strike
1-2: Foul Ball, location: 2F
1-2: Foul Ball, location: 2F
1-2: Ball
2-2: Strikes out swinging
Batting: LHB Jacob Wright 0-0: Called Strike
0-1: Ball
1-1: Ball
2-1: Foul Ball, location: 2F
2-2: Strikes out swinging
Top of the 4th over - 0 runs, 1 hit, 0 errors, 1 left on base; Kalamazoo 0 - Baffin Island 1
BOTTOM OF THE 4TH
Baffin Island Beavers batting - Pitching for Kalamazoo Royale with Cheese : LHP Octávio Ramírez
Batting: RHB Tony Morton 0-0: Ball
1-0: Foul Ball, location: 2F
1-1: Fly out, F9 (Flyball, 9LSF)
Batting: LHB Eric Wheeler 0-0: Ball
1-0: Ball
2-0: Foul Ball, location: 2F
2-1: Fly out, F9 (Flyball, 9D)
Batting: LHB Howard Evans 0-0: Fly out, F9 (Flyball, 9S)
Bottom of the 4th over - 0 runs, 0 hits, 0 errors, 0 left on base; Kalamazoo 0 - Baffin Island 1
TOP OF THE 5TH
Kalamazoo Royale with Cheese batting - Pitching for Baffin Island Beavers : RHP Robert Reeves
Batting: LHB Javier Espinoza 0-0: Called Strike
0-1: Ball
1-1: Called Strike
1-2: Ball
2-2: Ball
3-2: Foul Ball, location: 2F
3-2: Strikes out looking
Batting: LHB Bill McJannett 0-0: Ball
1-0: Ball
2-0: Ball
3-0: Called Strike
3-1: Base on Balls
Batting: LHB Keith Tillman 0-0: Ball
1-0: SINGLE (Groundball, 34) (infield hit)
Bill McJannett to second
Batting: RHB Zander Tremblett 0-0: Ball
1-0: Called Strike
1-1: Ball
2-1: Ball
3-1: Foul Ball, location: 2F
3-2: Foul Ball, location: 2F
3-2: Foul Ball, location: 2F
3-2: Base on Balls
Bill McJannett to third
Keith Tillman to second
Batting: SHB Caden Keith 0-0: Called Strike
0-1: Swinging Strike
0-2: Ball
1-2: Foul Ball, location: 2F
1-2: DOUBLE (Flyball, 78D)
Bill McJannett scores
Keith Tillman scores
Zander Tremblett to third
Batting: LHB Roberto Sandoval 0-0: Intentional Walk
Batting: RHB Jimmy Simon 0-0: Fly out, F4 (Line Drive, 4S)
Batting: LHB Vincente Sáenz 0-0: Ball
1-0: Called Strike
1-1: Called Strike
1-2: Ball
2-2: Foul Ball, location: 2F
2-2: Strikes out swinging
Top of the 5th over - 2 runs, 2 hits, 0 errors, 3 left on base; Kalamazoo 2 - Baffin Island 1
BOTTOM OF THE 5TH
Baffin Island Beavers batting - Pitching for Kalamazoo Royale with Cheese : LHP Octávio Ramírez
Batting: RHB Alberto Hernández 0-0: SINGLE (Flyball, 7LM)
Batting: LHB Mike MacFadden 0-0: Called Strike
0-1: Grounds into double play, 1-6-3 (Groundball, P)
Batting: RHB Tomás Díaz 0-0: Ball
1-0: Foul Ball, location: 2F
1-1: Ground out 1-3 (Groundball, 15S)
Bottom of the 5th over - 0 runs, 1 hit, 0 errors, 0 left on base; Kalamazoo 2 - Baffin Island 1
TOP OF THE 6TH
Kalamazoo Royale with Cheese batting - Pitching for Baffin Island Beavers : RHP Robert Reeves
Pitching: RHP Colm Stewart
Batting: LHB Jacob Wright 0-0: Foul Ball, location: 2F
0-1: Ball
1-1: Ball
2-1: Foul Ball, location: 2F
2-2: Foul Ball, location: 2F
2-2: Foul Ball, location: 2F
2-2: Ball
3-2: Fly out, F6 (Line Drive, 6)
Batting: LHB Javier Espinoza 0-0: Ball
1-0: Foul Ball, location: 2F
1-1: Ball
2-1: Foul Ball, location: 2F
2-2: Strikes out swinging
Batting: LHB Bill McJannett 0-0: Fly out, F9 (Flyball, 9LSF)
Top of the 6th over - 0 runs, 0 hits, 0 errors, 0 left on base; Kalamazoo 2 - Baffin Island 1
BOTTOM OF THE 6TH
Baffin Island Beavers batting - Pitching for Kalamazoo Royale with Cheese : LHP Octávio Ramírez
Batting: RHB Alden Isenhood 0-0: Ground out 6-3 (Groundball, 6)
Batting: LHB Norberto Muñóz 0-0: Swinging Strike
0-1: Called Strike
0-2: Ball
1-2: Ball
2-2: Ground out 4-3 (Groundball, 4)
Batting: RHB Dave Craig 0-0: Foul Ball, location: 2F
0-1: Called Strike
0-2: Ball
1-2: Ball
2-2: Ball
3-2: Fly out, F7 (Line Drive, 78M)
Bottom of the 6th over - 0 runs, 0 hits, 0 errors, 0 left on base; Kalamazoo 2 - Baffin Island 1
TOP OF THE 7TH
Kalamazoo Royale with Cheese batting - Pitching for Baffin Island Beavers : RHP Colm Stewart
Pitching: LHP Roberto Barrón
Batting: LHB Keith Tillman 0-0: Swinging Strike
0-1: Swinging Strike
0-2: Ball
1-2: Ball
2-2: Foul Ball, location: 2F
2-2: SINGLE (Groundball, 4D)
Pitching: LHP Cecil Bonekamp
Batting: RHB Zander Tremblett 0-0: Bunted foul
0-1: Bunted foul
0-2: Fly out, F8 (Flyball, 8RXD)
Batting: SHB Caden Keith 0-0: Swinging Strike
0-1: Foul Ball, location: 2F
0-2: Ball
1-2: Foul Ball, location: 2F
1-2: Fly out, F8 (Flyball, 8LS)
Pinch Hitting: RHB Yoshihide Takahashi 0-0: Called Strike
0-1: Ball
1-1: Called Strike
1-2: Ball
2-2: Ball
3-2: Strikes out swinging
Top of the 7th over - 0 runs, 1 hit, 0 errors, 1 left on base; Kalamazoo 2 - Baffin Island 1
BOTTOM OF THE 7TH
Baffin Island Beavers batting - Pitching for Kalamazoo Royale with Cheese : LHP Octávio Ramírez
Now at 3B: Bob Noble
Batting: RHB Tony Morton 0-0: Ball
1-0: Foul Ball, location: 2F
1-1: Fly out, F3 (Popup, 23F)
Batting: LHB Eric Wheeler 0-0: Ball
1-0: Ball
2-0: Foul Ball, location: 2F
2-1: Ground out 4-3 (Groundball, 4S)
Batting: LHB Howard Evans 0-0: Ball
1-0: Ball
2-0: Foul Ball, location: 2F
2-1: Fly out, F9 (Flyball, 9LMF)
Bottom of the 7th over - 0 runs, 0 hits, 0 errors, 0 left on base; Kalamazoo 2 - Baffin Island 1
TOP OF THE 8TH
Kalamazoo Royale with Cheese batting - Pitching for Baffin Island Beavers : LHP Cecil Bonekamp
Batting: RHB Jimmy Simon 0-0: Called Strike
0-1: DOUBLE (Groundball, 5L)
Batting: LHB Vincente Sáenz 0-0: Ball
1-0: Swinging Strike
1-1: Swinging Strike
1-2: Ball
2-2: Strikes out swinging
Batting: LHB Jacob Wright 0-0: Intentional Walk
Batting: LHB Javier Espinoza 0-0: Fly out, F7 (Flyball, 78D)
Pinch Hitting: RHB Tae-kwon Kwon 0-0: Foul Ball, location: 2F
0-1: Ball
1-1: Foul Ball, location: 2F
1-2: SINGLE (Groundball, 56) (infield hit)
Jimmy Simon to third
Jacob Wright to second
Batting: LHB Keith Tillman 0-0: Foul Ball, location: 2F
0-1: SINGLE (Line Drive, 34)
Jimmy Simon scores
Jacob Wright to third
Tae-kwon Kwon to second
Batting: RHB Zander Tremblett 0-0: Swinging Strike
0-1: Ball
1-1: Fly out, F9 (Flyball, 9S)
Top of the 8th over - 1 run, 3 hits, 0 errors, 3 left on base; Kalamazoo 3 - Baffin Island 1
BOTTOM OF THE 8TH
Baffin Island Beavers batting - Pitching for Kalamazoo Royale with Cheese : LHP Octávio Ramírez
Pitching: RHP Frank Davis
Now in LF: José Velásquez
Batting: RHB Alberto Hernández 0-0: Ground out 3-1 (Groundball, 34S)
Batting: LHB Mike MacFadden 0-0: Ball
1-0: Ball
2-0: Ball
3-0: Called Strike
3-1: Called Strike
3-2: SINGLE (Line Drive, 3S)
Batting: RHB Tomás Díaz 0-0: Ball
1-0: Called Strike
1-1: SINGLE (Line Drive, 6MD)
Mike MacFadden to second
Batting: RHB Alden Isenhood 0-0: Called Strike
0-1: Ball
1-1: Called Strike
1-2: Ball
2-2: Ball
3-2: Grounds into double play, 4-6-3 (Groundball, 4)
Bottom of the 8th over - 0 runs, 2 hits, 0 errors, 1 left on base; Kalamazoo 3 - Baffin Island 1
TOP OF THE 9TH
Kalamazoo Royale with Cheese batting - Pitching for Baffin Island Beavers : LHP Cecil Bonekamp
Batting: SHB Caden Keith 0-0: Ball
1-0: Fly out, F4 (Line Drive, 4)
Batting: SHB Bob Noble 0-0: Ball
1-0: Foul Ball, location: 2F
1-1: Called Strike
1-2: Ball
2-2: Ball
3-2: SINGLE (Groundball, 6MD)
Batting: RHB Jimmy Simon 0-0: Called Strike
0-1: SINGLE (Groundball, 4S) (infield hit)
Bob Noble to second
Pitching: LHP Brent Miller
Batting: LHB Vincente Sáenz 0-0: Foul Ball, location: 2F
0-1: SINGLE (Flyball, 78M)
Bob Noble to third
Jimmy Simon to second
Runner from 3rd tries for Home, throw and OUT!
Pitching: RHP Tony Rocha
Batting: LHB Jacob Wright 0-0: Foul Ball, location: 2F
0-1: Called Strike
0-2: Strikes out swinging
Top of the 9th over - 0 runs, 3 hits, 0 errors, 2 left on base; Kalamazoo 3 - Baffin Island 1
BOTTOM OF THE 9TH
Baffin Island Beavers batting - Pitching for Kalamazoo Royale with Cheese : RHP Frank Davis
Batting: LHB Norberto Muñóz 0-0: Foul Ball, location: 2F
0-1: Ball
1-1: Ball
2-1: Ball
3-1: Base on Balls
Batting: RHB Dave Craig 0-0: Called Strike
0-1: Foul Ball, location: 2F
0-2: Strikes out swinging
Batting: RHB Tony Morton 0-0: Fly out, F8 (Flyball, 8LD)
Batting: LHB Eric Wheeler 0-0: Ball
1-0: Foul Ball, location: 2F
1-1: Foul Ball, location: 2F
1-2: Ground out 6-3 (Groundball, 56)
Bottom of the 9th over - 0 runs, 0 hits, 0 errors, 1 left on base; Kalamazoo 3 - Baffin Island 1
Saturday, December 16th, 2017 - OOTP Baseball 18.8 Build 76